 Dungeon Crawl Stone Soup version 0.30-b1-2-g02819fbbbe (webtiles) character file.

Game seed: 13050340680487720754

58920 raph the Severer (level 14, -1/129 HPs)
             Began as a Hill Orc Fighter on Jan 3, 2024.
             Was a Priest of Elyvilon.
             Drowned by a drowned soul (13 damage)
             ... summoned by a merfolk avatar
             ... on level 5 of the Lair of Beasts.
             The game lasted 00:22:59 (16310 turns).

raph the Severer (Hill Orc Fighter)                Turns: 16310, Time: 00:23:00

Health: -1/129     AC: 25    Str: 20    XL:     14   Next: 92%
Magic:  23/24      EV: 12    Int:  8    God:    Elyvilon [***...]
Gold:   837        SH: 10    Dex: 14    Spells: 13/13 levels left

rFire   + + .        L - +0 broad axe (heavy)
rCold   . . .        c - +0 buckler
rNeg    . . .        M - +3 chain mail {rF+}
rPois   +            r - +2 helmet
rElec   .            o - +2 cloak
rCorr   .            k - +1 pair of gloves
SInv    .            (no boots)
Will    +....        I - amulet of reflection Stlth
                     i - ring of poison resistance
HPRegen 0.41/turn    K - ring of protection from fire
MPRegen 0.19/turn

%: reflection
@: mesmerised, very slow
A: no striking features
a: Renounce Religion, Purification, Heal Other, Heal Self


You were on level 5 of the Lair of Beasts.
You worshipped Elyvilon.
Elyvilon was most pleased with you.
You visited 3 branches of the dungeon, and saw 14 of its levels.
You visited the Abyss 1 time.
You also visited: Volcano.

You collected 1008 gold pieces.
You spent 171 gold pieces at shops.

Inventory:

Hand Weapons
 a - a +2 war axe of freezing
 B - a +0 war axe
 L - a +0 heavy broad axe (weapon)
 N - a +1 hand crossbow of flaming
Missiles
 l - an atropa-tipped dart
 w - 24 poisoned darts
 y - 7 javelins
 F - 7 curare-tipped darts
 O - 6 silver javelins
 V - 6 datura-tipped darts
 W - 4 boomerangs (quivered)
Armour
 b - a +0 scale mail
 c - a +0 buckler (worn)
 k - a +1 pair of gloves (worn)
 o - a +2 cloak (worn)
 r - a +2 helmet (worn)
 C - a +0 plate armour
 M - a +3 chain mail of fire resistance (worn)
Jewellery
 e - a ring of ice
 i - a ring of poison resistance (left hand)
 n - a ring of magical power
 t - a ring of wizardry
 I - an amulet of reflection (around neck)
 K - a ring of protection from fire (right hand)
 R - an amulet of guardian spirit
 X - a ring of positive energy
Wands
 p - a wand of polymorph (13)
 s - a wand of paralysis (16)
 D - a wand of roots (11)
 G - a wand of flame (41)
Scrolls
 j - 3 scrolls of magic mapping
 m - 4 scrolls of identify
 v - 2 scrolls of amnesia
 x - a scroll of blinking
 A - 2 scrolls of teleportation
 J - a scroll of summoning
 P - a scroll of fog
 Q - a scroll of fear
 T - 3 scrolls of poison
 U - a scroll of enchant weapon
 Y - a scroll of enchant armour
Potions
 d - 3 potions of might
 f - a potion of berserk rage
 g - 7 potions of curing
 h - 4 potions of attraction
 q - 2 potions of flight
 u - a potion of mutation
 z - 4 potions of brilliance
 E - 4 potions of haste
 H - a potion of invisibility
 S - 3 potions of heal wounds
 Z - 2 potions of magic


   Skills:
 + Level 13.3 Fighting
 * Level 17.6 Axes
 + Level 3.2 Throwing
 + Level 12.3 Armour
 + Level 9.2 Dodging
 - Level 3.2 Shields
 + Level 14.0 Invocations
 + Level 3.6 Evocations


You had 13 spell levels left.
You didn't know any spells.
Your spell library contained the following spells:

 Spells                   Type           Power      Damage    Failure   Level
 Ensorcelled Hibernation  Hex/Ice        0%         N/A       99%         2
 Passwall                 Tmut/Erth      0%         N/A       99%         2
 Call Canine Familiar     Summ           0%         N/A       100%        3
 Frozen Ramparts          Ice            0%         1d1       100%        3
 Ignite Poison            Fire/Tmut/Pois 0%         N/A       100%        3
 Portal Projectile        Hex/Tloc       0%         N/A       100%        3
 Swiftness                Air            0%         N/A       100%        3
 Ice Form                 Ice/Tmut       0%         N/A       100%        4
 Leda's Liquefaction      Hex/Erth       0%         N/A       100%        4
 Sticky Flame             Conj/Fire      0%         2d3       100%        4
 Summon Ice Beast         Ice/Summ       0%         N/A       100%        4
 Alistair's Intoxication  Tmut/Pois      0%         N/A       100%        5
 Borgnjor's Vile Clutch   Necr/Erth      0%         N/A       100%        5
 Summon Mana Viper        Hex/Summ       0%         N/A       100%        5
 Eringya's Noxious Bog    Tmut/Pois      0%         N/A       100%        6
 Monstrous Menagerie      Summ           0%         N/A       100%        7
 Ignition                 Fire           0%         3d3       100%        8


Dungeon Overview and Level Annotations

Branches:
Dungeon (8/15)             Temple (1/1) D:5            Lair (5/5) D:8
 Shoals (0/4) Lair:2        Snake (0/4) Lair:2        Slime (0/5) Lair:4
Volcano (visited)

Altars:
Ashenzari
Dithmenos
Elyvilon
Gozag
Hepliaklqana
Kikubaaqudgha
Nemelex Xobeh
Okawaru
Qazlal
Trog
Uskayaw
Wu Jian
Xom
Yredelemnul
The Shining One
Jiyva

Shops:
D:1 *   D:7 (   D:8 *

Annotations:
Lair:2 1 runed translucent door, noone's ghost, journeyman MiFi


Message History

Your unstable footing causes you to fumble your attack.
The merfolk avatar chants its luring song.
Your unstable footing causes you to fumble your attack.
The merfolk avatar chants its luring song.
The drowned soul touches you. The drowned soul drowns you!
* * * LOW HITPOINT WARNING * * *
You slash the merfolk avatar!
The merfolk avatar is lightly wounded.
You slice the drowned soul!!
You destroy the drowned soul!
The drowned soul returns to the deep!
The merfolk avatar chants its luring song. x2
You are healed.
The merfolk avatar chants its luring song.
You carve the merfolk avatar like a ham!!!
The merfolk avatar is severely wounded.
You completely miss the drowned soul. The drowned soul touches you.
The drowned soul drowns you!
The merfolk avatar chants its luring song.
Okay, then.
You miss the merfolk avatar.
The merfolk avatar is severely wounded.
The merfolk avatar chants its luring song.
You slash the merfolk avatar!
The merfolk avatar is severely wounded.
You slash the drowned soul! The drowned soul touches you.
The drowned soul drowns you!
* * * LOW HITPOINT WARNING * * *
The merfolk avatar chants its luring song.
You miss the merfolk avatar.
The merfolk avatar is severely wounded.
You slash the merfolk avatar!
The merfolk avatar is almost dead.
You slash the drowned soul! You miss the drowned soul.
You block the drowned soul's attack.
The merfolk avatar chants its luring song.
The drowned soul touches you. The drowned soul drowns you!
* * * LOW HITPOINT WARNING * * *
The drowned soul touches you. The drowned soul drowns you!
You die...

... ~~~~~#~~##~~#~~.. ...
~~P~~.~~..~~~~~#. .k.
~~~~~~P~P~~~~~... .... ####### #
#~~#... ..~~# #⌠~~~~~ ~⌠#
~~#~~.... !.~~~~~ #~~~~~ ~~~
#~~~~~~.. ....~~~ #~~~.~ ~~.#
~#~~~~.† ...~~# #~~~~###~~~#~
#~~~.~.
.#.~##~#~~~#~~#$@=}#~~~~~~#~##~..
.#~.~~~~~~~#~~#$≈m(~~~~~8~.~~~~~.
..~.~~~.~~~#.~#$≈≈!~~~P~8~~~~~~†.
...~##~#~.~#~~~[})$~~~~~~~~~~#...
....##~~P~~#~8#~####.~#~#.#~##~..
...~~~~~~~~#~~~~~~~~~~# ~~#~~....
..#.~~~~..~#~~~~~~~P~~# ~~~..~..
.##~~#~#~~~.⌠~~~~~~~~⌠# ~~.#~)..
.##.~~~~#.##########.######~##~..


You could see a merfolk avatar (mesmerising).

Vanquished Creatures
  A dancing weapon (Volcano)
  A two-headed ogre (D:8)
  6 death yaks
  Urug (Lair:1)
  3 skysharks
  A sea snake (Lair:5)
  A lindwurm (Lair:4)
  2 wizards (Volcano)
  A harpy (Lair:5)
  2 manticores
  21 elephants
  5 toenail golems (Volcano)
  9 black mambas
  2 torpor snails
  20 cane toads
  5 rime drakes
  11 komodo dragons
  9 polar bears
  A wind drake (Lair:2)
  20 blink frogs
  7 dream sheep (Lair:4)
  20 yaks
  3 fire bats (Lair:1)
  7 wyverns
  2 humans (D:8)
  2 steam dragons
  A naga (Lair:2)
  11 water moccasins
  2 orc warriors (D:7)
  A sky beast (D:6)
  An ice beast (D:7)
  3 black bears
  2 ogres (D:5)
  8 wolves
  3 phantoms
  2 kobold brigands
  A gnoll sergeant (D:7)
  8 bullfrogs
  4 wights (D:7)
  A killer bee (D:8)
  An orc priest (D:7)
  3 hounds (D:5)
  Ijyb (D:4)
  3 iguanas
  2 hell rats (Lair:4)
  6 adders
  5 gnolls (D:7)
  2 shadow imps
  An ufetubus (D:5)
  3 worms
  2 dart slugs (D:2)
  7 orcs
  2 bats (D:2)
  4 endoplasms
  3 giant cockroaches
  6 hobgoblins
  3 jackals (D:1)
  16 kobolds
  2 quokkas
  14 ball pythons
  3 frilled lizards
  5 goblins
  3 rats
308 creatures vanquished.

Vanquished Creatures (others)
  A very ugly thing (Abyss:2)
  3 death yaks
  A lindwurm (Lair:4)
  2 wizards
  A cane toad (Lair:4)
  A rime drake (Lair:5)
  2 wolves (Lair:1)
  A killer bee (D:8)
  44 fungi
  77 plants
133 creatures vanquished.

Grand Total: 441 creatures vanquished

Notes
Turn   | Place    | Note
-------+----------+-------------------------------------------
     0 | D:1      | raph the Hill Orc Fighter began the quest for the Orb.
     0 | D:1      | Reached XP level 1. HP: 19/19 MP: 1/1
    56 | D:1      | Reached skill level 3 in Axes
    92 | D:1      | Reached XP level 2. HP: 26/26 MP: 2/2
   127 | D:1      | Reached skill level 4 in Axes
   233 | D:1      | Found Folablil's General Store.
   241 | D:1      | Bought a potion of curing for 30 gold pieces
   489 | D:2      | Reached XP level 3. HP: 31/31 MP: 3/3
  1028 | D:2      | Reached skill level 5 in Axes
  1079 | D:2      | Reached XP level 4. HP: 38/39 MP: 4/4
  1436 | D:3      | Reached skill level 6 in Axes
  1455 | D:3      | Found a faded altar of an unknown god.
  1672 | D:1      | Bought a scroll of blinking for 75 gold pieces
  1852 | D:3      | Found a stormy altar of Qazlal.
  2233 | D:4      | Found a bloodstained altar of Trog.
  2234 | D:4      | Noticed a wizard
  2239 | D:4      | Killed a wizard
  2329 | D:4      | Found a white marble altar of Elyvilon.
  2478 | D:4      | Became a worshipper of Elyvilon the Healer
  2544 | D:4      | Reached XP level 5. HP: 45/45 MP: 5/5
  2991 | D:4      | Noticed Ijyb
  3018 | D:4      | Killed Ijyb
  3185 | D:5      | Entered Level 5 of the Dungeon
  3193 | D:5      | Reached skill level 1 in Invocations
  3340 | D:5      | Noticed an ogre
  3341 | D:5      | Killed an ogre
  3342 | D:5      | Reached skill level 7 in Axes
  3342 | D:5      | Reached skill level 1 in Dodging
  3342 | D:5      | Reached XP level 6. HP: 52/52 MP: 7/7
  3361 | D:5      | Found a staircase to the Ecumenical Temple.
  3372 | Temple   | Entered the Ecumenical Temple
  3720 | D:5      | Reached * piety under Elyvilon
  3755 | D:5      | Reached XP level 7. HP: 60/60 MP: 9/9
  4235 | D:6      | Reached skill level 5 in Fighting
  4271 | D:6      | Reached skill level 8 in Axes
  4271 | D:6      | Reached XP level 8. HP: 44/69 MP: 9/11
  4493 | D:6      | Reached ** piety under Elyvilon
  4527 | D:6      | Noticed a skeletal warrior
  4735 | D:7      | Reached skill level 5 in Armour
  4911 | D:7      | Found a shadowy altar of Dithmenos.
  5168 | D:7      | Reached skill level 5 in Invocations
  5403 | D:7      | Reached XP level 9. HP: 27/76 MP: 13/13
  5823 | D:7      | Found Beyritz's Antique Weapon Shop.
  5828 | D:7      | Reached skill level 9 in Axes
  5843 | D:7      | Found a hazy altar of Hepliaklqana.
  5844 | D:7      | Found a glowing golden altar of the Shining One.
  5846 | D:7      | Found a basalt altar of Yredelemnul.
  6053 | D:8      | Noticed a hornet
  6054 | D:8      | Pacified a hornet
  6087 | D:8      | Found Qojec's General Store.
  6095 | D:8      | Bought 2 curare-tipped darts for 31 gold pieces
  6150 | D:8      | Reached *** piety under Elyvilon
  6257 | D:8      | Found a staircase to the Lair.
  6261 | D:8      | Noticed a komodo dragon
  6271 | D:8      | Pacified a komodo dragon
  6315 | D:8      | Noticed a two-headed ogre
  6354 | D:8      | Killed a two-headed ogre
  6597 | D:6      | Reached skill level 10 in Axes
  6727 | D:1      | Bought a wand of flame (5) for 35 gold pieces
  6971 | D:8      | Found an iron altar of Okawaru.
  6988 | D:8      | Reached XP level 10. HP: 42/88 MP: 15/15
  7339 | Lair:1   | Entered Level 1 of the Lair of Beasts
  7339 | Lair:1   | Noticed an elephant
  7339 | Lair:1   | Noticed an elephant
  7339 | Lair:1   | Noticed an elephant
  7339 | Lair:1   | Noticed an elephant
  7340 | Lair:1   | Pacified an elephant
  7341 | Lair:1   | Pacified an elephant
  7342 | Lair:1   | Pacified an elephant
  7343 | Lair:1   | Reached skill level 5 in Dodging
  7343 | Lair:1   | Pacified an elephant
  7344 | Lair:1   | Noticed a cane toad
  7352 | Lair:1   | Noticed a black mamba
  7353 | Lair:1   | Killed a cane toad
  7364 | Lair:1   | Killed a black mamba
  7411 | Lair:1   | Noticed a cane toad
  7478 | Lair:1   | Killed a cane toad
  7590 | Lair:1   | Reached skill level 11 in Axes
  7593 | Lair:1   | Found a dark tunnel.
  7650 | Volcano  | Entered a volcano
  7661 | Volcano  | Noticed a wizard
  7662 | Volcano  | Pacified a wizard
  7684 | Volcano  | Noticed a wizard
  7685 | Abyss:2  | Cast into level 2 of the Abyss (a wizard)
  7747 | Abyss:2  | Noticed a thrashing horror
  7765 | Abyss:2  | Noticed a wizard
  7805 | Abyss:2  | Noticed a starcursed mass
  7808 | Abyss:2  | Noticed a brown very ugly thing
  7808 | Abyss:2  | Noticed a brown very ugly thing
  7809 | Abyss:2  | Noticed a brown very ugly thing
  7809 | Abyss:2  | Noticed a brown very ugly thing
  7809 | Abyss:2  | Noticed a brown ugly thing
  7822 | Abyss:2  | Pacified a brown very ugly thing
  7823 | Abyss:2  | Reached XP level 11. HP: 76/97 MP: 12/18
  7827 | Abyss:2  | Pacified a brown very ugly thing
  7834 | Abyss:2  | Killed a white very ugly thing
  7858 | Abyss:2  | Pacified a white very ugly thing
  7861 | Volcano  | Escaped the Abyss
  7863 | Volcano  | Pacified a wizard
  8040 | Volcano  | Noticed a +1 mace of flaming
  8049 | Volcano  | Reached skill level 10 in Fighting
  8049 | Volcano  | Reached skill level 12 in Axes
  8049 | Volcano  | Reached skill level 10 in Invocations
  8055 | Volcano  | Killed a +1 mace of flaming
  8180 | Volcano  | Noticed a wizard
  8180 | Volcano  | Noticed a wizard
  8188 | Volcano  | Killed a wizard
  8190 | Volcano  | Killed a wizard
  8270 | Volcano  | Noticed a wizard
  8280 | Volcano  | Killed a wizard
  8295 | Volcano  | Reached XP level 12. HP: 85/108 MP: 18/20
  8633 | Lair:1   | Noticed Urug
  8664 | Lair:1   | Killed Urug
  8665 | Lair:1   | Reached skill level 10 in Armour
  9506 | Lair:2   | Noticed a death yak
  9506 | Lair:2   | Noticed a death yak
  9506 | Lair:2   | Noticed a death yak
  9506 | Lair:2   | Noticed a death yak
  9508 | Lair:2   | Noticed a death yak
  9624 | Lair:1   | Pacified a death yak
  9625 | Lair:1   | Reached skill level 13 in Axes
  9628 | Lair:1   | Pacified a death yak
  9629 | Lair:1   | Killed a death yak
 10046 | Lair:1   | Pacified a death yak
 10052 | Lair:1   | Killed a death yak
 10138 | Lair:2   | Found a staircase to the Snake Pit.
 10429 | Lair:2   | Found a staircase to the Shoals.
 10469 | Lair:2   | Reached skill level 14 in Axes
 10490 | Lair:2   | Reached XP level 13. HP: 36/117 MP: 20/22
 10804 | Lair:2   | Found a runed translucent door.
 10804 | Lair:2   | Noticed noone's ghost (journeyman MiFi)
 12029 | Lair:4   | Reached skill level 15 in Axes
 12098 | Lair:4   | Reached **** piety under Elyvilon
 12840 | Lair:4   | Found a viscous altar of Jiyva.
 12840 | Lair:4   | Found a staircase to the Slime Pits.
 13073 | Lair:4   | Reached skill level 16 in Axes
 13387 | Lair:4   | Found a white marble altar of Elyvilon.
 13595 | Lair:4   | Reached XP level 14. HP: 81/127 MP: 23/23
 13834 | Lair:4   | Reached skill level 1 in Throwing
 13834 | Lair:4   | Reached skill level 1 in Evocations
 14856 | Lair:5   | Entered Level 5 of the Lair of Beasts
 15452 | Lair:5   | Reached skill level 17 in Axes
 16310 | Lair:5   | Drowned by a drowned soul

Illustrated notes

Levels and vault maps discovered:
D:1:      eino_arrival_cavern_b, layout_rooms, serial_shops, shop
D:2:      layout_basic, kennysheep_generic_room_12
D:3:      layout_basic, mainiacjoe_overflow_six_doors_small,
          nicolae_ecumenical_snake_handling
D:4:      layout_gridville, trog_wizard, elyvilon_altar_4, uniq_ijyb
D:5:      layout_loops_cross, temple_hall
D:6:      layout_cave_pools, minmay_fractal_squares_gapless_5
D:7:      layout_loops_ring, chequers_temple_overflow_statue_of_worship,
          grunt_dithmenos_smoke, serial_shops, shop
D:8:      layout_cave_pools, okawaru_humans, david_lair_shrubbed, serial_shops,
          nicolae_shop_tiny_waterfront
Temple:   nicolae_temple_bog_church
Lair:1:   layout_gridlike, nicolae_volcano_entry_batcave, grunt_megastairs_1,
          uniq_urug
Lair:2:   layout_misc_corridors, minmay_shoals_entry_beasts,
          guppyfry_snake_entry_island, hellmonk_ghost_happy_afterlife,
          beast_lair_carwin_10, infiniplex_staircase_pool_2
Lair:3:   layout_long_grid, chequers_serial_rivers_small_b, st_stairs_12,
          infiniplex_staircase_pool
Lair:4:   nzn_winding_woodlands_stair_cross
          [nzn_winding_woodlands_5x15_sidewinder,
          nzn_winding_woodlands_center_lodge,
          nzn_winding_woodlands_5x15_concentric,
          nzn_winding_woodlands_5x5_perimeter,
          nzn_winding_woodlands_5x5_checkerboard,
          nzn_winding_woodlands_5x15_sawtooth,
          nzn_winding_woodlands_center_pierced_h,
          nzn_winding_woodlands_5x15_pool], layout_gridlike,
          dpeg_slime_entry_corner, basic_altar, serial_bayou_shore_b,
          lemuel_fruit_tree
Lair:5:   gammafunk_lair_ancient_temple, layout_misc_corridors, minivault_23,
          cheibrodos_lair_lostbears

Skill      XL: |  1  2  3  4  5  6  7  8  9 10 11 12 13 14 |
---------------+-------------------------------------------+-----
Axes           | 3 4 5 6 7 8 10 11 12 14 16 17 | 17.6
Invocations    | 2 3 4 5 7 9 10 12 13 14 | 14.0
Fighting       | 4 5 6 7 9 10 11 12 13 | 13.3
Dodging        | 1 2 3 4 5 6 7 8 9 |  9.2
Armour         | 4 5 7 8 9 10 11 12 | 12.3
Throwing       | 3 |  3.2
Evocations     | 3 |  3.6
Shields        | |  3.2

Action                     |  1- 3 |  4- 6 |  7- 9 | 10-12 | 13-15 || total
---------------------------+-------+-------+-------+-------+-------++-------
  Melee: War axe           |    87 |   149 |   197 |   149 |       ||   582
         Unarmed           |       |    15 |       |       |       ||    15
         Broad axe         |       |       |       |    92 |   501 ||   593
  Throw: Dart              |       |     1 |     7 |       |       ||     8
         Javelin           |       |       |     2 |     7 |     1 ||    10
         Boomerang         |       |       |       |       |    12 ||    12
 Invoke: Heal Other        |       |       |     5 |    20 |    12 ||    37
         Heal Self         |       |       |       |     2 |     3 ||     5
         Purification      |       |       |       |       |     1 ||     1
  Evoke: Wand              |       |       |       |     2 |       ||     2
    Use: Scroll            |       |    14 |     7 |     6 |     1 ||    28
         Potion            |       |       |       |     3 |       ||     3
 Armour: Scale mail        |    50 |    79 |    42 |       |       ||   171
         Skin              |       |     4 |       |       |       ||     4
         Plate armour      |       |       |    81 |    69 |       ||   150
         Chain mail        |       |       |       |   133 |   394 ||   527
  Dodge: Dodged            |    42 |    80 |    85 |   144 |   306 ||   657
  Block: Buckler           |    27 |    29 |    43 |   176 |   373 ||   648
         Reflection        |       |       |       |     1 |     1 ||     2
